 Dungeon Crawl Stone Soup version 0.25.1-2-g60ff931df9 (webtiles) character file.

Game seed: 16926282050797433584

1597 lepoulpe303 the Skirmisher (level 8, -6/74 HPs)
             Began as a Black Draconian Hunter on Oct 1, 2020.
             Mangled by a hornet zombie (8 damage)
             ... on level 7 of the Dungeon.
             The game lasted 00:21:21 (6958 turns).

lepoulpe303 the Skirmisher (Black Draconian Hunter) Turns: 6958, Time: 00:21:22

Health: -6/74      AC:  9    Str: 15    XL:     8   Next: 62%
Magic:  8/8        EV: 14    Int: 12    God:
Gold:   436        SH:  5    Dex: 13    Spells: 7/7 levels left

rFire    + . .     SeeInvis .   b - +0 short sword
rCold    . . .     Gourm    .   (no shield)
rNeg     . . .     Faith    .   (armour unavailable)
rPois    +         Spirit   .   (helmet restricted)
rElec    +         Reflect  +   (no cloak)
rCorr    .         Harm     .   f - +1 pair of gloves
MR       .....                  r - +0 pair of boots
Stlth    ++........             v - amulet of reflection
HPRegen  0.22/turn              F - ring of protection from fire
MPRegen  0.11/turn              P - ring of poison resistance

@: no status effects
A: breathe lightning, unfitting armour, electricity resistance, cold-blooded, AC
+6
a: Breathe Lightning


You were on level 7 of the Dungeon.
You were not hungry.

You visited 1 branch of the dungeon, and saw 7 of its levels.

You collected 436 gold pieces.

Inventory:

Hand Weapons
 a - a +0 shortbow of flaming
 b - a +0 short sword (weapon)
 y - a +1 shortbow
Missiles
 Q - 60 arrows
Armour
 f - a +1 pair of gloves (worn)
 r - a +0 pair of boots (worn)
Jewellery
 o - an uncursed ring of protection from fire
 v - an amulet of reflection (around neck)
 x - an uncursed amulet of magic regeneration
 F - a ring of protection from fire (left hand)
 G - an uncursed amulet of guardian spirit {Spirit}
 P - a ring of poison resistance (right hand)
 S - an uncursed ring of see invisible
Scrolls
 c - a scroll of random uselessness {unknown}
 g - a scroll of immolation {unknown}
 i - 3 scrolls of identify
 j - a scroll of magic mapping {unknown}
 k - a scroll of amnesia {unknown}
 l - a scroll of blinking {unknown}
 m - a scroll of enchant armour {unknown}
 s - a scroll of fog {unknown}
 t - 2 scrolls of enchant weapon {unknown}
 w - 2 scrolls of remove curse
Potions
 d - a potion of magic {unknown}
 h - 3 potions of haste
 n - a potion of lignification {!q}
 p - a potion of brilliance
 q - a potion of curing
 u - a potion of heal wounds {unknown}
 z - a potion of ambrosia {unknown}
Comestibles
 e - 11 rations


   Skills:
 * Level 7.8 Fighting
 * Level 7.3 Bows
 + Level 4.7 Dodging
 - Level 0.8 Stealth


You had 7 spell levels left.
You didn't know any spells.
Your spell library was empty.

Dungeon Overview and Level Annotations

Branches:
Dungeon (7/15)
 Temple: D:4-7

Altars:
Uskayaw
Wu Jian
Zin

Annotations:
D:4 1 runed translucent door


Innate Abilities, Weirdness & Mutations

You can breathe wild blasts of lightning.
Your glossy black scales are hard. (AC +6)
You cannot fit into any form of body armour.
You are resistant to electric shocks. (rElec)
You are cold-blooded and may be slowed by cold attacks.


Message History

The hornet zombie hits you.
* * * LOW HITPOINT WARNING * * *
You take 1 damage, and have 11/74 hp.
The hornet zombie hits you.
* * * LOW HITPOINT WARNING * * *
You take 2 damage, and have 10/74 hp.
The hornet zombie hits you.
* * * LOW HITPOINT WARNING * * *
You take 4 damage, and have 6/74 hp.
The hornet zombie hits you.
* * * LOW HITPOINT WARNING * * *
You take 1 damage, and have 5/74 hp.
The hornet zombie hits you but does no damage.
You see here 20 bolts.
The hornet zombie hits you.
* * * LOW HITPOINT WARNING * * *
There is a stone staircase leading up here.
You take 4 damage, and have 2/74 hp.
The hornet zombie hits you!
You die...

#............#
####..######.#
#..# #..######.
#.........
#..######. #..#
#########..#####
#......@Z........
.................
#.########.######
#.# #.# #.# ..


You could see a hornet zombie.

Levels and vault maps discovered:
D:1:      noname_arrival_rooms_in_the_neighbourhood, layout_basic
D:2:      layout_rooms
D:3:      layout_basic, minmay_between
D:4:      minmay_chambers_of_twos, layout_loops_ring,
          nicolae_overflow_crystal_walls, marbit_many_paths, first_ration,
          lemuel_angel_altar, uniq_menkaure
D:5:      layout_basic
D:6:      layout_loops_ring
D:7:      layout_loops_ring, minmay_temple_entry_wispy

Notes
Turn   | Place    | Note
-------+----------+-------------------------------------------
     0 | D:1      | lepoulpe303 the Draconian Hunter began the quest for the
                  | Orb.
     0 | D:1      | Reached XP level 1. HP: 17/17 MP: 1/1
     3 | D:1      | Identified a +0 short sword
    82 | D:1      | Identified a +0 club
    91 | D:1      | Identified a +1 pair of gloves (You found it on level 1 of
                  | the Dungeon)
   106 | D:1      | Identified a +0 club
   181 | D:1      | Reached XP level 2. HP: 21/25 MP: 2/2
   193 | D:1      | Reached skill level 2 in Dodging
   220 | D:1      | Identified a +0 club
   319 | D:1      | Identified a +0 short sword
   582 | D:2      | Identified a +0 short sword
   593 | D:2      | Reached skill level 3 in Fighting
   593 | D:2      | Reached skill level 4 in Bows
   596 | D:2      | Reached XP level 3. HP: 21/31 MP: 3/3
   763 | D:2      | Identified a +1 shortbow
   783 | D:2      | Identified a +0 spear
   783 | D:2      | Identified a +0 flail
   783 | D:2      | Identified a +2 halberd of protection
   783 | D:2      | Identified a +0 club
   783 | D:2      | Identified a +0 spear
  1187 | D:2      | Reached XP level 4. HP: 38/38 MP: 4/4
  1322 | D:2      | Identified a +0 club
  1381 | D:2      | Identified a +0 club
  1390 | D:2      | Identified a +0 club
  1482 | D:2      | Identified a cursed -2 whip
  1588 | D:3      | Identified a +0 whip
  1588 | D:3      | Identified a +0 ring mail
  1598 | D:3      | Identified a +0 short sword
  1605 | D:3      | Identified a +0 flail
  1605 | D:3      | Identified a +0 ring mail
  1605 | D:3      | Identified a +0 flail
  1605 | D:3      | Identified a +0 leather armour
  1606 | D:3      | Identified a +0 whip
  1606 | D:3      | Identified a +0 chain mail
  1607 | D:3      | Identified a +0 flail
  1608 | D:3      | Identified a +0 flail
  1609 | D:3      | Identified a +0 whip
  1609 | D:3      | Identified an uncursed ring of protection from fire
  1614 | D:3      | Identified a +0 halberd
  2163 | D:3      | Identified an uncursed amulet of reflection
  2223 | D:3      | Identified 3 scrolls of identify
  2223 | D:3      | Identified an amulet of guardian spirit (You found it on
                  | level 2 of the Dungeon)
  2319 | D:3      | Reached skill level 4 in Fighting
  2319 | D:3      | Reached XP level 5. HP: 35/46 MP: 3/5
  2320 | D:3      | Identified a +0 spear
  2596 | D:3      | Identified a +0 dagger
  2812 | D:3      | Identified a +0 pair of boots (You found it on level 3 of
                  | the Dungeon)
  3081 | D:4      | Found an ornate altar of the Wu Jian Council.
  3133 | D:4      | Found a hide-covered altar of Uskayaw.
  3146 | D:4      | Noticed Menkaure
  3159 | D:4      | Killed Menkaure
  3159 | D:4      | Reached skill level 5 in Bows
  3159 | D:4      | Reached skill level 3 in Dodging
  3159 | D:4      | Reached XP level 6. HP: 28/53 MP: 6/6
  3403 | D:4      | Found a glowing silver altar of Zin.
  3403 | D:4      | Identified a +2 whip of holy wrath
  3403 | D:4      | Identified a +0 robe
  3403 | D:4      | Noticed an angel
  3404 | D:4      | Found a runed translucent door.
  3443 | D:4      | Reached skill level 5 in Fighting
  3808 | D:4      | Identified 2 potions of haste
  3809 | D:4      | Identified a potion of brilliance
  3810 | D:4      | Identified a potion of lignification
  3811 | D:4      | Identified a potion of degeneration
  3813 | D:4      | Identified 2 scrolls of remove curse
  3814 | D:4      | Identified a ring of see invisible (You found it on level 1
                  | of the Dungeon)
  3816 | D:4      | Identified a ring of poison resistance (You found it on
                  | level 3 of the Dungeon)
  3818 | D:4      | Identified a ring of strength (You found it on level 2 of
                  | the Dungeon)
  3899 | D:4      | Identified a +0 giant spiked club
  4094 | D:5      | Entered Level 5 of the Dungeon
  4212 | D:5      | Your scales start taking on a glossy black colour.
  4212 | D:5      | Reached XP level 7. HP: 36/61 MP: 7/7
  4212 | D:5      | Gained mutation: You are resistant to electric shocks.
                  | (rElec) [Black Draconian growth]
  4599 | D:5      | Identified a +0 war axe
  4601 | D:5      | Identified a +0 short sword
  4601 | D:5      | Identified a +0 scale mail
  4632 | D:5      | Reached skill level 6 in Bows
  4790 | D:5      | Reached skill level 6 in Fighting
  5351 | D:5      | Identified an amulet of magic regeneration (You found it on
                  | level 5 of the Dungeon)
  5352 | D:5      | Identified a potion of curing
  5374 | D:6      | Identified a +0 shortbow
  5427 | D:6      | Reached skill level 4 in Dodging
  5665 | D:6      | Reached XP level 8. HP: 54/71 MP: 8/8
  5881 | D:6      | Identified a +0 flail
  5884 | D:6      | Reached skill level 7 in Fighting
  5921 | D:6      | Identified a +0 club
  5924 | D:6      | Identified a +0 shortbow of flaming
  5926 | D:6      | Identified a +0 short sword
  5956 | D:6      | Identified a +0 dagger
  5956 | D:6      | Identified a +0 leather armour
  6256 | D:6      | Identified a +0 club
  6527 | D:7      | Reached skill level 7 in Bows
  6937 | D:7      | HP: 11/74 [hornet zombie (11)]
  6944 | D:7      | HP: 10/74 [hornet zombie (2)]
  6951 | D:7      | HP: 5/74 [hornet zombie (1)]
  6957 | D:7      | HP: 2/74 [hornet zombie (5)]
  6958 | D:7      | Mangled by a hornet zombie

Table legend:
 A = Turns spent in this place as a percentage of turns spent in the entire game.
 B = Non-inter-level travel turns spent in this place as a percentage of non-inter-level travel turns spent in the entire game.
 C = Inter-level travel turns spent in this place as a percentage of turns spent in this place.
 D = Turns resting spent in this place as a percentage of non-inter-level travel turns spent in this place.
 E = Turns spent auto-exploring this place as a percentage of non-inter-level travel turns spent in this place.
 F = Non-inter-level travel turns spent in this place divided by the number of levels of this place that you've seen.
                   A       B       C       D       E      F
               +-------+-------+-------+-------+-------+----------------------
         Total | 100.0 | 100.0 |   2.3 |  30.1 |  43.7 | 971.3
       Dungeon | 100.0 | 100.0 |   2.3 |  30.1 |  43.7 | 971.3
               +-------+-------+-------+-------+-------+----------------------

Table legend:
 A = Kills in this place as a percentage of kills in entire the game.
 B = Kills by you in this place as a percentage of kills by you in the entire game.
 C = Kills by friends in this place as a percentage of kills by friends in the entire game.
 D = Other kills in this place as a percentage of other kills in the entire game.
 E = Experience gained in this place as a percentage of experience gained in the entire game.
 F = Experience gained in this place divided by the number of levels of this place that you have seen.
                   A       B       C       D       E      F
               +-------+-------+-------+-------+-------+----------------------
         Total | 100.0 | 100.0 |   N/A |   N/A | 100.0 | 326.0
       Dungeon | 100.0 | 100.0 |   N/A |   N/A | 100.0 | 326.0
               +-------+-------+-------+-------+-------+----------------------

Skill      XL: |  1  2  3  4  5  6  7  8 |
---------------+-------------------------+-----
Dodging        | 2 3 4 |  4.7
Fighting       | 3 4 5 6 7 |  7.8
Bows           | 4 5 6 7 |  7.3
Stealth        | |  0.8

Action                   |  1- 3 |  4- 6 |  7- 9 || total
-------------------------+-------+-------+-------++-------
Melee: Short sword       |    67 |   308 |   247 ||   622
       Tailslap          |     8 |    35 |    34 ||    77
 Fire: Shortbow          |    21 |    99 |   107 ||   227
 Abil: Breathe Lightning |       |       |     1 ||     1
  Use: Scroll            |       |     7 |     2 ||     9
 Stab: Sleeping          |       |     1 |     1 ||     2
  Eat: Chunk             |     1 |     6 |     7 ||    14
       Ration            |       |     1 |     1 ||     2
Armor: Skin              |    19 |    92 |    70 ||   181
Dodge: Dodged            |    43 |   203 |   184 ||   430
Block: Other             |       |    28 |    65 ||    93

Vanquished Creatures
  Menkaure (D:4)
  A black bear (D:7)
  An ogre (D:4)
  2 phantoms
  2 centaurs (D:6)
  A bullfrog (D:6)
  A water moccasin zombie (D:6)
  2 scorpions
  4 crimson imps
  2 orc priests
  3 hounds
  A jelly (D:7)
  An iguana (D:5)
  4 worker ants
  2 hound zombies (D:5)
  A howler monkey zombie (D:6)
  2 howler monkey skeletons
  5 gnolls
  9 adders
  3 adder zombies
  2 worms
  3 dart slugs
  7 leopard geckos
  13 orcs
  A ball python (D:3)
  7 giant cockroaches
  6 goblins
  7 hobgoblins
  8 jackals
  11 kobolds
  6 quokkas
  8 bats
  5 frilled lizards
  A jackal skeleton (D:4)
  A leopard gecko skeleton (D:4)
  A quokka skeleton (D:5)
  8 rats
143 creatures vanquished.
